[Event "Titled Tuesday Blitz November 14 Early 2023"]
[White "Bettalli, Francesco"]
[Black "Ilkhomi, Jaloliddin"]
[WhiteFideId "2816453"]
[BlackFideId "14700948"]
[WhiteElo "2555"]
[BlackElo "2707"]
[Result "1-0"]
[Round "11"]
[TimeControl "180+1"]
[Date "2023.11.14"]
[WhiteClock "0:01:00"]
[BlackClock "0:00:00"]
[Board "50"]

1. e4 e6 2. Nf3 d5 3. e5 c5 4. a3 Nc6 5. b4 cxb4 6. axb4 Bxb4 7. c3 Bf8 8. d4 Nge7 9. Bd3 Nf5 10. O-O Be7 11. g4 Nh4 12. Nxh4 Bxh4 13. f4 h6 14. Na3 Bd7 15. Nb5 Be7 16. Ba3 Bxa3 17. Rxa3 O-O 18. Nd6 Qe7 19. g5 hxg5 20. Qh5 g6 21. Qh6 f6 22. fxg5 fxe5 23. Qxg6+ Qg7 24. Rf6 exd4 25. Qxg7+ Kxg7 26. Rg6+ Kh8 27. Rh6+ Kg8 28. cxd4 Nxd4 29. Rg6+ Kh8 30. Bf5 Ne2+ 31. Kh1 Nf4 32. Rh6+ Kg8 33. Rf3 exf5 34. Rxf4 Kg7 35. Nxb7 Rh8 36. Nc5 Rxh6 37. gxh6+ Kxh6 38. Nxd7 Kg5 39. Rf2 Rd8 40. Ne5 d4 41. Nf7+ Kf6 42. Nxd8 Ke5 43. Nc6+ Ke4 44. Nxd4 f4 45. Ne6 f3 46. Ng5+ 1-0


[Site "https://www.chess.com"]

[Event "Titled Tuesday Blitz November 14 Early 2023"]
[White "Lopez Martinez, Josep Manuel"]
[Black "Chinguun, Sumiya"]
[WhiteFideId "2212943"]
[BlackFideId "4902572"]
[WhiteElo "2552"]
[BlackElo "2696"]
[Result "1-0"]
[Round "11"]
[TimeControl "180+1"]
[Date "2023.11.14"]
[WhiteClock "0:02:05"]
[BlackClock "0:02:16"]
[Board "51"]

1. e4 c5 2. Nf3 Nc6 3. d4 cxd4 4. Nxd4 g6 5. c4 Nf6 6. Nc3 Nxd4 7. Qxd4 d6 8. f3 Bg7 9. Be3 O-O 10. Qd2 Be6 11. b3 Rc8 12. O-O-O a6 13. Kb1 b5 14. cxb5 axb5 15. Nxb5 d5 16. e5 Nd7 17. f4 Nc5 18. Bxc5 Rxc5 19. Nd4 Bg4 20. Be2 Bd7 21. Bf3 f6 22. e6 Be8 23. f5 gxf5 24. Nxf5 Bg6 25. g4 d4 26. Be4 h5 27. h3 Re5 28. Qg2 Qb6 29. Nxe7+ 1-0


[Site "https://www.chess.com"]

[Event "Titled Tuesday Blitz November 14 Early 2023"]
[White "Toktomushev, Teimur"]
[Black "Timerkhanov, Alexander"]
[WhiteFideId "14176726"]
[BlackFideId "24177938"]
[WhiteElo "2549"]
[BlackElo "2691"]
[Result "0-1"]
[Round "11"]
[TimeControl "180+1"]
[Date "2023.11.14"]
[WhiteClock "0:00:00"]
[BlackClock "0:01:44"]
[Board "52"]

1. d4 d5 2. c4 c6 3. Nc3 Nf6 4. e3 a6 5. Nf3 Bf5 6. Nh4 Bg4 7. f3 Be6 8. cxd5 cxd5 9. Bd3 Nc6 10. O-O g6 11. f4 Bg4 12. Qb3 Na5 13. Qa4+ Bd7 14. Qc2 e6 15. Nf3 Nc6 16. Ne5 Nb4 17. Qe2 Nxd3 18. Qxd3 Bg7 19. Bd2 O-O 20. Be1 b5 21. Bh4 b4 22. Nxd7 Qxd7 23. Bxf6 Bxf6 24. Ne2 Qb5 25. Qxb5 axb5 26. a3 bxa3 27. Rxa3 Rxa3 28. bxa3 Ra8 29. Ra1 Be7 30. Nc3 b4 31. Nb1 bxa3 32. Ra2 Rb8 33. Nc3 Rb3 0-1


[Site "https://www.chess.com"]

[Event "Titled Tuesday Blitz November 14 Early 2023"]
[White "Omariev, Maksim"]
[Black "Lukovic, Vladimir"]
[WhiteFideId "4193423"]
[BlackFideId "942952"]
[WhiteElo "2512"]
[BlackElo "2687"]
[Result "0-1"]
[Round "11"]
[TimeControl "180+1"]
[Date "2023.11.14"]
[WhiteClock "0:00:00"]
[BlackClock "0:00:27"]
[Board "53"]

1. e4 e6 2. d4 d5 3. Nc3 Bb4 4. exd5 exd5 5. Bd3 Nc6 6. a3 Bxc3+ 7. bxc3 Nge7 8. Qf3 Be6 9. Ne2 Qd7 10. Ng3 Bg4 11. Qf4 h5 12. h3 Be6 13. Rb1 O-O-O 14. O-O h4 15. Ne2 g5 16. Qf6 g4 17. hxg4 Bxg4 18. Kh2 Nf5 19. Bg5 Rde8 20. f3 Ng3 21. fxg4 Qxg4 22. Ng1 Nxf1+ 23. Rxf1 Kb8 24. Bf5 Qg3+ 25. Kh1 Rhg8 26. Nh3 Re1 27. Bd3 Rxf1+ 28. Qxf1 Rxg5 29. Nxg5 Qxg5 30. Qxf7 a6 31. Qf8+ Nd8 32. Qe8 Ka7 33. Qd7 Kb6 34. Qc8 Nc6 35. Qd7 Qc1+ 36. Kh2 Qxa3 37. Qxd5 Qxc3 0-1


[Site "https://www.chess.com"]

[Event "Titled Tuesday Blitz November 14 Early 2023"]
[White "Maltsevskaya, Aleksandra"]
[Black "Shuvalov, Evgenij"]
[WhiteFideId "24174041"]
[BlackFideId "4187237"]
[WhiteElo "2677"]
[BlackElo "2529"]
[Result "0-1"]
[Round "11"]
[TimeControl "180+1"]
[Date "2023.11.14"]
[WhiteClock "0:00:00"]
[BlackClock "0:00:36"]
[Board "54"]

1. Nf3 Nf6 2. d3 d5 3. g3 c5 4. Bg2 Nc6 5. O-O e6 6. Nbd2 Be7 7. e4 O-O 8. Re1 b5 9. e5 Nd7 10. Nf1 a5 11. Bf4 a4 12. a3 b4 13. h4 bxa3 14. bxa3 Rb8 15. h5 h6 16. N1h2 Ba6 17. Ng4 Re8 18. Qd2 Rb6 19. Bh3 Nd4 20. Nxd4 cxd4 21. Nh2 Qc7 22. Nf3 Qc3 23. Qe2 Rb2 24. Rec1 Rc8 25. Bd2 Rxc2 26. Bxc3 Rxe2 27. Nxd4 Rxe5 28. Bd2 Rxc1+ 29. Rxc1 Bxa3 30. Rc6 Bxd3 31. Rc3 Bb2 32. Rxd3 Nc5 0-1


[Site "https://www.chess.com"]

[Event "Titled Tuesday Blitz November 14 Early 2023"]
[White "Ovetchkin, Roman"]
[Black "Mestnikov, Aisen"]
[WhiteFideId "4119991"]
[BlackFideId "34130117"]
[WhiteElo "2671"]
[BlackElo "2440"]
[Result "1-0"]
[Round "11"]
[TimeControl "180+1"]
[Date "2023.11.14"]
[WhiteClock "0:00:19"]
[BlackClock "0:00:01"]
[Board "55"]

1. d4 Nf6 2. c4 g6 3. Nc3 d5 4. cxd5 Nxd5 5. e4 Nxc3 6. bxc3 Bg7 7. Nf3 c5 8. Bb5+ Bd7 9. Bxd7+ Nxd7 10. O-O O-O 11. Qe2 Qa5 12. Rb1 b6 13. Rd1 Qxc3 14. d5 Ne5 15. Bb2 Qc4 16. Qe3 Nxf3+ 17. gxf3 Qxa2 18. Bxg7 Kxg7 19. e5 Rfd8 20. Qe4 Qa6 21. d6 exd6 22. exd6 Qc8 23. d7 Qc7 24. Rd5 Rab8 25. Rbd1 a5 26. h4 h5 27. f4 Rb7 28. Rd6 Rbb8 29. f5 Qb7 30. Qe5+ Kg8 31. fxg6 Qf3 32. R1d3 Qg4+ 33. Rg3 f6 34. Qe7 Qxh4 35. Qf7+ Kh8 36. Qh7# 1-0


[Site "https://www.chess.com"]

[Event "Titled Tuesday Blitz November 14 Early 2023"]
[White "Rustemov, Alexander"]
[Black "UNSTOPPABLE_LEGEND"]
[WhiteFideId "4119002"]
[WhiteElo "2876"]
[BlackElo "2487"]
[Result "0-1"]
[Round "11"]
[TimeControl "180+1"]
[Date "2023.11.14"]
[WhiteClock "0:00:09"]
[BlackClock "0:00:18"]
[Board "56"]

1. d4 Nf6 2. Bg5 d5 3. Nd2 c5 4. Bxf6 gxf6 5. dxc5 e5 6. b4 a5 7. a3 Nc6 8. Rb1 Rg8 9. e3 Be6 10. Ngf3 e4 11. Nh4 f5 12. g3 d4 13. Bb5 dxe3 14. fxe3 Bh6 15. Qe2 axb4 16. axb4 Ra2 17. Rc1 Kf8 18. Ng2 Nxb4 19. O-O Nxc2 20. Bc4 Nd4 21. Qh5 Bxe3+ 22. Nxe3 Rxd2 23. Qh6+ Ke7 24. Nd5+ Bxd5 25. Qxd2 Bxc4 26. Qb4 Ne2+ 27. Kg2 Nxc1 28. Rxc1 Bd5 29. c6+ Qd6 30. Qxb7+ Kf6 31. Qb2+ Qe5 32. Qe2 f4 33. Kg1 Qd4+ 34. Kf1 f3 35. Qc2 e3 36. c7 e2+ 37. Ke1 Qg1+ 38. Kd2 Qd4+ 39. Ke1 Qg1+ 40. Kd2 Qb6 41. Ke1 Qa5+ 42. Kf2 Rc8 43. Qc5 Qxc5+ 44. Rxc5 Ke6 45. g4 Kd6 46. Rc1 Rxc7 47. Rxc7 Kxc7 48. h4 Kd6 49. g5 Ke5 50. Ke1 Kf5 51. Kf2 Kg6 52. Ke1 Kh5 53. Kf2 Kxh4 54. Ke1 Kxg5 55. Kf2 Kf4 56. Ke1 h5 57. Kf2 h4 58. Ke1 h3 59. Kd2 h2 60. Kc3 e1=Q+ 61. Kd4 Qe4+ 62. Kc5 Qc4+ 63. Kd6 Qc6+ 64. Ke7 Qe6+ 65. Kf8 f5 66. Kg7 Qe7+ 67. Kg6 Qf7+ 68. Kh6 h1=R# 0-1


[Site "https://www.chess.com"]

[Event "Titled Tuesday Blitz November 14 Early 2023"]
[White "borocotoajua"]
[Black "Hambleton, Aman"]
[BlackFideId "2606577"]
[WhiteElo "2597"]
[BlackElo "2723"]
[Result "1-0"]
[Round "11"]
[TimeControl "180+1"]
[Date "2023.11.14"]
[WhiteClock "0:00:09"]
[BlackClock "0:00:00"]
[Board "57"]

1. d4 e5 2. Nf3 e4 3. Ng1 d5 4. c4 dxc4 5. e3 Be6 6. Nc3 Nf6 7. Nh3 c6 8. Nf4 Bd5 9. g4 h6 10. h4 Bd6 11. Rg1 Bxf4 12. exf4 Qe7 13. f5 Na6 14. a3 Nc7 15. Bf4 O-O-O 16. Qa4 a6 17. Qa5 Nfe8 18. Qb6 Nd6 19. Na4 Ncb5 20. Bh3 f6 21. Qa5 Qc7 22. Qb4 b6 23. Rc1 a5 24. Qd2 Kb7 25. Bf1 Rhe8 26. b3 c3 27. Nxc3 Nxc3 28. Rxc3 Qd7 29. Qe2 Ra8 30. Qe3 a4 31. b4 b5 32. Rc5 Nc4 33. Qc3 e3 34. fxe3 Re7 35. Kf2 Rae8 36. Rg3 h5 37. Bg2 Bxg2 38. Rxg2 hxg4 39. d5 cxd5 40. Rc7+ Qxc7 41. Bxc7 Rxc7 42. Qd4 Re4 43. Qxd5+ Kb8 44. Qxe4 Ne5 45. Rxg4 Rc4 46. Qxe5+ fxe5 47. Rxc4 bxc4 48. e4 Kc7 49. Ke3 Kd6 50. Kd2 g5 51. hxg5 1-0


[Site "https://www.chess.com"]

[Event "Titled Tuesday Blitz November 14 Early 2023"]
[White "Tikhonov, Viacheslav"]
[Black "Rozman, Levy"]
[WhiteFideId "44196407"]
[BlackFideId "2039877"]
[WhiteElo "2596"]
[BlackElo "2690"]
[Result "0-1"]
[Round "11"]
[TimeControl "180+1"]
[Date "2023.11.14"]
[WhiteClock "0:00:00"]
[BlackClock "0:00:09"]
[Board "58"]

1. e4 d5 2. exd5 Qxd5 3. Nc3 Qa5 4. d4 Nf6 5. Nf3 Bf5 6. Bc4 e6 7. O-O Bb4 8. Bd2 Nc6 9. a3 Bxc3 10. Bxc3 Qb6 11. Qe2 Rd8 12. Rfd1 O-O 13. b4 Bg4 14. Rac1 Bxf3 15. Qxf3 Nxd4 16. Qe3 Nf5 17. Qxb6 axb6 18. Be5 Nd6 19. Bb3 b5 20. a4 bxa4 21. Bxa4 Nd5 22. c4 Nxb4 23. c5 Ne4 24. Bxc7 Rxd1+ 25. Bxd1 Nd3 26. Rb1 Nexc5 27. Bf3 Rc8 28. Bd6 Rd8 29. Bxc5 Nxc5 30. Rb5 Rc8 31. h4 Rc7 32. Ra5 g6 33. Ra7 e5 34. Bd5 Kg7 35. h5 gxh5 36. Bf3 h4 37. Kh2 e4 38. Be2 Ne6 39. Kh3 Nf4+ 40. Kxh4 Nxe2 41. Kg4 Nc3 42. Kf5 Rc5+ 43. Kf4 b5 44. Rb7 Rc4 45. g4 e3+ 46. Kxe3 Rxg4 47. Kd3 Rc4 48. Ke3 Rc6 0-1


[Site "https://www.chess.com"]

[Event "Titled Tuesday Blitz November 14 Early 2023"]
[White "Mladenovic, Stefan"]
[Black "aghasiyevkamal"]
[WhiteFideId "942227"]
[WhiteElo "2681"]
[BlackElo "2588"]
[Result "0-1"]
[Round "11"]
[TimeControl "180+1"]
[Date "2023.11.14"]
[WhiteClock "0:00:05"]
[BlackClock "0:00:10"]
[Board "59"]

1. d4 d5 2. c4 e6 3. Nf3 Nf6 4. Bg5 Nbd7 5. e3 Be7 6. Nc3 h6 7. Bh4 O-O 8. cxd5 Nxd5 9. Bxe7 Nxe7 10. Bd3 c5 11. O-O b6 12. Qe2 Bb7 13. Rfd1 Bxf3 14. Qxf3 cxd4 15. exd4 Nf6 16. Ba6 Qd7 17. Rac1 Rad8 18. Nb5 Ned5 19. a3 Nh7 20. Qg3 Qe7 21. h3 Ng5 22. Rc2 Qf6 23. Nd6 Nf4 24. Nb5 Rd5 25. Qe3 Qg6 26. Rc7 Ngxh3+ 27. Kf1 Qxg2+ 28. Ke1 Rf5 29. Nd6 Nd5 30. Qe2 Rf4 31. Rc3 Nxf2 32. Rcd3 Nxd3+ 33. Qxd3 Qf2# 0-1


[Site "https://www.chess.com"]

[Event "Titled Tuesday Blitz November 14 Early 2023"]
[White "Skliarov, Viktor"]
[Black "Derjabin, Ilja"]
[WhiteFideId "14106736"]
[BlackFideId "14104768"]
[WhiteElo "2660"]
[BlackElo "2573"]
[Result "1-0"]
[Round "11"]
[TimeControl "180+1"]
[Date "2023.11.14"]
[WhiteClock "0:00:11"]
[BlackClock "0:00:02"]
[Board "60"]

1. e4 c5 2. Nf3 d6 3. d4 cxd4 4. Qxd4 Bd7 5. c4 Nc6 6. Qd2 Nf6 7. Nc3 g6 8. b3 Bg7 9. Bb2 O-O 10. Be2 Rc8 11. O-O Bg4 12. Rfd1 Bxf3 13. Bxf3 Ne5 14. Be2 Qa5 15. h3 Rfe8 16. f4 Nc6 17. Bf3 Nh5 18. Bxh5 Qxh5 19. Nd5 Bxb2 20. Qxb2 a5 21. Kh2 Nb4 22. Nxb4 axb4 23. Rd5 Qh6 24. Qf2 Rc5 25. Rad1 b6 26. g3 Ra8 27. e5 dxe5 28. fxe5 Rxd5 29. cxd5 Qg5 30. Qe2 Rd8 31. d6 exd6 32. exd6 Qf6 33. d7 Qe6 34. Qd2 h5 35. h4 Kh7 36. Qd3 Kh6 37. Rd2 Kh7 38. Qd6 Qxd6 39. Rxd6 Kg7 40. Kh3 Kf8 41. Rxb6 Rxd7 42. Rxb4 Ra7 43. a4 f6 44. Rb5 Kg7 45. a5 g5 46. hxg5 fxg5 47. Rxg5+ Kh6 48. Rb5 Rc7 49. b4 Rc3 50. a6 h4 51. Kxh4 Rc4+ 52. Kh3 Rxb4 53. Rxb4 1-0


[Site "https://www.chess.com"]

[Event "Titled Tuesday Blitz November 14 Early 2023"]
[White "Novik, Maxim"]
[Black "Bao, Qilin"]
[WhiteFideId "4102924"]
[BlackFideId "8605750"]
[WhiteElo "2549"]
[BlackElo "2650"]
[Result "0-1"]
[Round "11"]
[TimeControl "180+1"]
[Date "2023.11.14"]
[WhiteClock "0:00:51"]
[BlackClock "0:02:38"]
[Board "61"]

1. e4 c6 2. d4 d5 3. Nc3 dxe4 4. Nxe4 Bf5 5. Ng3 Bg6 6. h4 h6 7. Nf3 Nd7 8. h5 Bh7 9. Bd3 Bxd3 10. Qxd3 Qc7 11. Bd2 O-O-O 12. O-O-O e6 13. Ne4 c5 14. g3 cxd4 15. Bf4 e5 16. Bd2 f5 17. Nh4 fxe4 0-1


[Site "https://www.chess.com"]

[Event "Titled Tuesday Blitz November 14 Early 2023"]
[White "GatoRojo150"]
[Black "Yaksin, Oleg"]
[BlackFideId "24105880"]
[WhiteElo "2635"]
[BlackElo "2543"]
[Result "1-0"]
[Round "11"]
[TimeControl "180+1"]
[Date "2023.11.14"]
[WhiteClock "0:00:17"]
[BlackClock "0:00:00"]
[Board "62"]

1. e4 c5 2. Nf3 d6 3. d4 cxd4 4. Nxd4 Nf6 5. Nc3 Nc6 6. Bc4 Qb6 7. Nxc6 bxc6 8. O-O g6 9. Be3 Qc7 10. h3 Bg7 11. Qd2 O-O 12. Rad1 a5 13. b3 Ba6 14. Bxa6 Rxa6 15. Bh6 Nd7 16. Bxg7 Kxg7 17. f4 Ra7 18. Kh2 f6 19. Kh1 Raa8 20. Ne2 Nc5 21. Qe3 e5 22. f5 Rad8 23. c4 Qb8 24. Rb1 Qb4 25. Ng3 Rd7 26. Qf3 Qd2 27. Rf2 Qg5 28. Rd1 Rfd8 29. Kg1 Na6 30. Rdf1 Rf7 31. Qc3 Nc5 32. Rf3 Ra8 33. a3 Nb7 34. b4 axb4 35. axb4 Rd8 36. Ne2 d5 37. cxd5 cxd5 38. Rg3 Qh5 39. Rgf3 dxe4 40. Ng3 Qh4 41. Qc4 Nd6 42. fxg6 Nxc4 43. Nf5+ Kf8 44. Nxh4 exf3 45. gxf7 fxg2 46. Rxf6 1-0


[Site "https://www.chess.com"]

[Event "Titled Tuesday Blitz November 14 Early 2023"]
[White "Stark, Lars"]
[Black "Chernomordik, Pavel"]
[WhiteFideId "4676386"]
[BlackFideId "2804530"]
[WhiteElo "2627"]
[BlackElo "2542"]
[Result "0-1"]
[Round "11"]
[TimeControl "180+1"]
[Date "2023.11.14"]
[WhiteClock "0:00:00"]
[BlackClock "0:00:13"]
[Board "63"]

1. c4 g6 2. g3 Bg7 3. Bg2 e5 4. Nc3 Nc6 5. e3 d6 6. Nge2 Be6 7. d3 Qd7 8. Qd2 Bh3 9. Bf3 Nge7 10. b4 O-O 11. b5 Nd8 12. Ba3 Rc8 13. Nc1 f5 14. Nb3 c6 15. bxc6 bxc6 16. d4 Ne6 17. dxe5 Bxe5 18. Rd1 Ng5 19. Be2 Bg2 20. Rg1 Nf3+ 21. Bxf3 Bxf3 22. Rc1 Qe6 23. Nd4 Bxd4 24. Qxd4 c5 25. Qd3 Nc6 26. Nb5 Rfd8 27. Bb2 a6 28. Na3 Ne5 29. Qc3 Rb8 30. Ba1 Be4 31. f4 Nd3+ 32. Kd2 Kf7 33. Rb1 Nb4 34. Rb3 d5 35. Qg7+ Ke8 36. Qh8+ Kd7 37. Qf6 dxc4 38. Rc3 Qxf6 39. Nxc4 Ke8+ 40. Ke2 Nxa2 41. Ra3 Qe6 42. Ne5 Nb4 43. Rc1 Qd5 44. Bc3 Nd3 45. Rca1 Nxe5 46. fxe5 Qd3+ 47. Kf2 Qc2+ 48. Ke1 Rd3 49. Ba5 Rxa3 50. Rxa3 Qc1+ 51. Ke2 Rb2+ 0-1


[Site "https://www.chess.com"]

[Event "Titled Tuesday Blitz November 14 Early 2023"]
[White "Pourkashiyan, Atousa"]
[Black "Khater, Sherif"]
[WhiteFideId "12502014"]
[BlackFideId "2034280"]
[WhiteElo "2537"]
[BlackElo "2625"]
[Result "0-1"]
[Round "11"]
[TimeControl "180+1"]
[Date "2023.11.14"]
[WhiteClock "0:00:00"]
[BlackClock "0:01:00"]
[Board "64"]

1. e4 a6 2. d4 c6 3. Nf3 d5 4. Nc3 dxe4 5. Nxe4 Nf6 6. Nxf6+ exf6 7. Bd3 Bd6 8. O-O O-O 9. c4 Re8 10. Qc2 h6 11. h3 Nd7 12. c5 Bc7 13. Bd2 Nf8 14. Rae1 Be6 15. Be3 Qd7 16. Qd1 Ng6 17. Nd2 Nh4 18. Qh5 Bf5 19. Bxf5 Nxf5 20. Qg4 Rad8 21. Nf3 Qd5 22. Nh4 Nxh4 23. Qxh4 Re4 24. g4 Qxa2 25. f3 Ree8 26. Bxh6 Qxb2 27. Rxe8+ Rxe8 28. Rf2 Qxd4 29. Kg2 gxh6 30. Qxh6 Qf4 31. Qh5 Re1 0-1


[Site "https://www.chess.com"]

[Event "Titled Tuesday Blitz November 14 Early 2023"]
[White "RodokininEV"]
[Black "FoxOnTheRun97"]
[WhiteElo "2529"]
[BlackElo "2613"]
[Result "1-0"]
[Round "11"]
[TimeControl "180+1"]
[Date "2023.11.14"]
[WhiteClock "0:00:17"]
[BlackClock "0:00:00"]
[Board "65"]

1. d4 Nf6 2. c4 e6 3. Nf3 d5 4. Nc3 Be7 5. Bg5 h6 6. Bh4 O-O 7. e3 b6 8. cxd5 exd5 9. Bd3 c5 10. O-O Nc6 11. Rc1 c4 12. Bb1 Bg4 13. h3 Be6 14. b3 Ba3 15. Bxf6 Qxf6 16. bxc4 dxc4 17. Qc2 g6 18. Rcd1 Bxh3 19. Qa4 Bd6 20. Ne4 Qe6 21. Nxd6 Bxg2 22. Kxg2 Qg4+ 23. Kh2 Qxf3 24. Be4 Qh5+ 25. Kg1 b5 26. Qxb5 Qxb5 27. Nxb5 Rac8 28. Rc1 Nb4 29. a3 Na6 30. Bb7 Nc7 31. Bxc8 Nxb5 32. Ba6 Nd6 33. Bxc4 Kg7 34. Bd3 Rb8 35. Rb1 Rd8 36. Rfc1 h5 37. Rc6 h4 38. a4 g5 39. a5 Ne8 40. Rb7 Nd6 41. Rxd6 Rxd6 42. a6 1-0


[Site "https://www.chess.com"]

[Event "Titled Tuesday Blitz November 14 Early 2023"]
[White "Souleidis, Georgios"]
[Black "Jovic, Stanoje"]
[WhiteFideId "4206827"]
[BlackFideId "905020"]
[WhiteElo "2612"]
[BlackElo "2516"]
[Result "1-0"]
[Round "11"]
[TimeControl "180+1"]
[Date "2023.11.14"]
[WhiteClock "0:00:11"]
[BlackClock "0:00:00"]
[Board "66"]

1. e4 c6 2. Nc3 d5 3. Nf3 Nf6 4. e5 Ne4 5. Ne2 Qb6 6. d4 f6 7. Ng3 Bg4 8. exf6 exf6 9. Bd3 Nd7 10. Nxe4 dxe4 11. Bxe4 O-O-O 12. O-O Bd6 13. h3 Bh5 14. c4 c5 15. Be3 Bxf3 16. Bxf3 g5 17. b4 cxd4 18. c5 Qb5 19. a4 Qxb4 20. Rb1 Qxc5 21. Bxd4 Qa5 22. Bc3 Qxc3 23. Rc1 Qxc1 24. Qxc1+ Nc5 25. Qb2 Be5 26. Qb5 b6 27. Qc6+ Kb8 28. Qa8+ Kc7 29. Qxa7+ Kc8 30. Qxb6 Bd4 31. Rc1 Kd7 32. Rxc5 Bxc5 33. Qxc5 Rhf8 34. Bc6+ Ke6 35. Bb5 Rd1+ 36. Kh2 Rfd8 37. Bc4+ Kd7 38. a5 Rd6 39. a6 Rc8 40. Qb5+ Ke7 41. a7 Rdd8 42. Qb7+ Kd6 43. Bd5 Ke5 44. a8=Q Rxa8 45. Qxa8 Rxd5 46. Qh8 1-0


[Site "https://www.chess.com"]

[Event "Titled Tuesday Blitz November 14 Early 2023"]
[White "Vlassov, Nikolai"]
[Black "arenal72"]
[WhiteFideId "4103360"]
[WhiteElo "2608"]
[BlackElo "2507"]
[Result "1-0"]
[Round "11"]
[TimeControl "180+1"]
[Date "2023.11.14"]
[WhiteClock "0:00:39"]
[BlackClock "0:00:20"]
[Board "67"]

1. e4 Nc6 2. d4 d5 3. e5 Bf5 4. Nf3 Qd7 5. Bb5 f6 6. O-O O-O-O 7. c3 a6 8. Ba4 g5 9. Re1 Bg7 10. Nbd2 g4 11. Nh4 b5 12. Nxf5 Qxf5 13. Bc2 Qh5 14. e6 Nh6 15. a4 b4 16. Qe2 Kb7 17. Bd3 Ra8 18. Nb3 Nf5 19. Nc5+ Ka7 20. Bxf5 Kb6 21. a5+ Nxa5 22. Bxg4 Qg6 23. cxb4 Nc4 24. b3 h5 25. Bf3 h4 26. bxc4 h3 27. Bxd5 Rhd8 28. Nd7+ Rxd7 29. exd7 c6 30. Bxc6 Kxc6 31. Qf3+ Kxd7 32. Qxa8 1-0


[Site "https://www.chess.com"]

[Event "Titled Tuesday Blitz November 14 Early 2023"]
[White "Preobrazhenska_D2011"]
[Black "Larino Nieto, David"]
[BlackFideId "2256444"]
[WhiteElo "2467"]
[BlackElo "2606"]
[Result "1-0"]
[Round "11"]
[TimeControl "180+1"]
[Date "2023.11.14"]
[WhiteClock "0:01:14"]
[BlackClock "0:01:38"]
[Board "68"]

1. e4 h6 2. d4 a6 3. Nf3 b6 4. Bd3 c6 5. O-O d6 6. c4 e6 7. Nc3 Ra7 8. Be3 f6 9. e5 dxe5 10. Bg6+ Ke7 11. Qb3 exd4 12. Bxd4 c5 13. Be3 Nc6 14. Rad1 Rd7 15. Be4 Nd4 16. Bxd4 cxd4 17. Ne2 e5 18. Nh4 g5 19. Ng6+ Kf7 20. Nxh8+ Kg7 21. Ng6 Bc5 22. Ng3 Rf7 23. Nh5+ Kh7 24. Nxe5+ f5 25. Nxf7 Qe8 26. Bd5 1-0


[Site "https://www.chess.com"]

[Event "Titled Tuesday Blitz November 14 Early 2023"]
[White "Ezat, Mohamed"]
[Black "EvgenyBurmakin"]
[WhiteFideId "10600906"]
[WhiteElo "2598"]
[BlackElo "2392"]
[Result "1-0"]
[Round "11"]
[TimeControl "180+1"]
[Date "2023.11.14"]
[WhiteClock "0:01:45"]
[BlackClock "0:00:05"]
[Board "69"]

1. e4 c5 2. d4 cxd4 3. c3 dxc3 4. Nxc3 e6 5. Nf3 Nc6 6. Bc4 Nf6 7. O-O Qc7 8. Qe2 Ng4 9. g3 a6 10. Nd5 exd5 11. exd5+ Ne7 12. Bf4 d6 13. Rac1 Qd7 14. Nd4 g6 15. Nb5 Kd8 16. Nxd6 Bg7 17. Nxf7+ Ke8 18. d6 Bf6 19. Nxh8 Bxh8 20. Rfe1 Bf6 21. dxe7 Bxe7 22. Bg5 b5 23. Qxe7+ Qxe7 24. Rxe7+ Kf8 25. Bd5 Rb8 26. Rf7+ 1-0


[Site "https://www.chess.com"]

[Event "Titled Tuesday Blitz November 14 Early 2023"]
[White "Arngrimsson, Dagur"]
[Black "Kopylov, Alexander A."]
[WhiteFideId "2301288"]
[BlackFideId "4164857"]
[WhiteElo "2522"]
[BlackElo "2777"]
[Result "0-1"]
[Round "11"]
[TimeControl "180+1"]
[Date "2023.11.14"]
[WhiteClock "0:00:20"]
[BlackClock "0:00:41"]
[Board "70"]

1. e4 e5 2. Nf3 Nf6 3. Nc3 Bb4 4. d3 d5 5. exd5 Qxd5 6. Bd2 Bxc3 7. Bxc3 Nc6 8. g3 Bg4 9. Bg2 e4 10. dxe4 Qxe4+ 11. Kf1 Rd8 12. Qe1 O-O 13. Bxf6 Qc4+ 14. Kg1 gxf6 15. h3 Rfe8 16. Qc1 Bxf3 17. Bxf3 Nd4 18. Qf4 Ne2+ 19. Bxe2 Qxf4 20. gxf4 Rxe2 21. Kg2 Rdd2 22. Rhf1 Rxc2 23. Rad1 Rxb2 24. Rd7 Rec2 25. Kg3 Rxa2 26. Kg4 Kg7 27. Kf5 Ra5+ 28. Ke4 f5+ 29. Kf3 Rc3+ 30. Kg2 Ra4 31. Re1 Re4 32. Rb1 b6 33. f3 Rxf4 34. Re1 Rfxf3 35. Ree7 Rg3+ 36. Kf2 Rxh3 37. Rxf7+ Kg6 38. Rg7+ Kf6 39. Rgf7+ Kg5 40. Rg7+ Kf4 41. Rd4+ Ke5 42. Rgd7 Rh2+ 43. Kg1 Rb2 44. Rd1 c5 45. Re1+ Kf4 46. Rf1+ Rf3 47. Re1 a5 48. Rxh7 a4 49. Rh4+ Kg3 50. Rxa4 Rfb3 51. Raa1 b5 52. Rf1 f4 53. Ra8 Rb1 54. Rg8+ Kh4 55. Rh8+ Kg4 56. Rg8+ Kf5 57. Rf8+ Ke5 58. Rxf4 Rxf1+ 59. Rxf1 c4 60. Kf2 b4 61. Ke2 Ke4 62. Kd2 Rb2+ 63. Kc1 c3 64. Rf8 Kd3 65. Rc8 Rg2 66. Rd8+ Kc4 67. Rd2 Rxd2 68. Kb1 b3 0-1


[Site "https://www.chess.com"]

[Event "Titled Tuesday Blitz November 14 Early 2023"]
[White "LeoLV10"]
[Black "Rosen, Eric"]
[BlackFideId "2032562"]
[WhiteElo "2520"]
[BlackElo "2749"]
[Result "0-1"]
[Round "11"]
[TimeControl "180+1"]
[Date "2023.11.14"]
[WhiteClock "0:00:00"]
[BlackClock "0:00:04"]
[Board "71"]

1. e4 c5 2. Nf3 e6 3. d4 cxd4 4. Nxd4 Nc6 5. Nc3 Qc7 6. g4 h6 7. Be3 Bb4 8. Nb5 Qe5 9. a3 Be7 10. Qd2 a6 11. Bf4 Bg5 12. Bxg5 hxg5 13. Nd6+ Kf8 14. Nc4 Qf4 15. Qxf4 gxf4 16. O-O-O g5 17. Nb6 Ke7 18. Nxa8 b5 19. Nb6 Bb7 20. f3 d6 21. a4 b4 22. Nb1 Nf6 23. Nc4 Ne8 24. Be2 Rh3 25. c3 f6 26. Rd3 Rh6 27. Rd2 Rh3 28. Kd1 b3 29. Ke1 Bc8 30. Kf1 a5 31. Kg2 Rh4 32. Rhd1 Ne5 33. Nxe5 fxe5 34. Bc4 Bd7 35. Bxb3 Bc6 36. Na3 Rh7 37. Nc4 d5 38. exd5 Bxd5 39. Ba2 Nf6 40. b3 e4 41. Ne5 exf3+ 42. Nxf3 Nxg4 43. c4 Ne3+ 44. Kf2 Bc6 45. Re1 g4 46. Ne5 Rxh2+ 47. Kg1 Rh1+ 48. Kf2 g3+ 49. Ke2 Rxe1+ 50. Kxe1 Be4 51. Ke2 Kf6 52. Nf3 Kf5 53. Ng1 Kg4 54. Rd8 Nf5 55. Rg8+ Kh5 56. Nf3 Kh6 57. Ne5 Kh7 58. Rg4 Nd4+ 59. Kf1 g2+ 60. Kg1 f3 61. Rxe4 Ne2+ 62. Kf2 g1=Q+ 63. Kxf3 Nd4+ 64. Kf4 Qf2+ 65. Kg4 Nf5 66. Rf4 Qg3+ 67. Kh5 Qh3+ 68. Kg5 Qh6+ 69. Kg4 Qh4+ 70. Kf3 Qg3+ 0-1


[Site "https://www.chess.com"]

[Event "Titled Tuesday Blitz November 14 Early 2023"]
[White "Zavgorodniy, Sergiy"]
[Black "Shubenkova, Veronika"]
[WhiteFideId "14110148"]
[BlackFideId "44124040"]
[WhiteElo "2696"]
[BlackElo "2515"]
[Result "1-0"]
[Round "11"]
[TimeControl "180+1"]
[Date "2023.11.14"]
[WhiteClock "0:00:46"]
[BlackClock "0:00:02"]
[Board "72"]

1. d4 d5 2. c4 e6 3. Nf3 f5 4. g3 Nf6 5. Bg2 c6 6. O-O Bd6 7. b3 O-O 8. Ba3 Bxa3 9. Nxa3 Qd6 10. Nc2 Nbd7 11. Nce1 Ne4 12. Nd3 b6 13. Qc2 Bb7 14. Rac1 Rac8 15. Qb2 c5 16. cxd5 Bxd5 17. dxc5 Ndxc5 18. Nxc5 Rxc5 19. Rxc5 Nxc5 20. Rd1 Rc8 21. Ne5 Ne4 22. Bxe4 fxe4 23. Nc4 Qc5 24. Ne3 Rf8 25. Qe5 h6 26. h4 Kh8 27. Kg2 Qb5 28. Rd2 Qa5 29. Qd4 Ba8 30. b4 Qa3 31. Rc2 e5 32. Qd6 Re8 33. Qd7 Rg8 34. Rc8 Qxb4 35. Nf5 e3+ 36. f3 Bxf3+ 37. Kxf3 e4+ 38. Kg4 Qb2 39. Rxg8+ Kxg8 40. Ne7+ Kh7 41. Qf5+ Kh8 42. Qf8+ Kh7 43. Qg8# 1-0


[Site "https://www.chess.com"]